 Dungeon Crawl Stone Soup version 0.27-a0-1065-ge809cff456 (webtiles) character file.

Game seed: 13180524884832412339

217 Lemonice the Skirmisher (level 5, -3/44 HPs)
             Began as a Palentonga Fighter on Apr 22, 2021.
             Slain by a gnoll
             ... wielding a +0 halberd
              (13 damage)
             ... on level 3 of the Dungeon.
             The game lasted 00:04:37 (2281 turns).

Lemonice the Skirmisher (Palentonga Fighter)        Turns: 2281, Time: 00:04:38

Health: -3/44      AC:  6    Str: 19    XL:     5   Next: 62%
Magic:  5/5        EV:  5    Int:  9    God:
Gold:   94         SH:  9    Dex: 10    Spells: 4/4 levels left

rFire    . . .     SeeInvis +   a - +0 long sword
rCold    + . .     Faith    .   c - +0 kite shield
rNeg     . . .     Spirit   .   b - +0 scale mail
rPois    +         Reflect  .   (no helmet)
rElec    .         Harm     .   (no cloak)
rCorr    .         Rampage  .   (no gloves)
Will     .....                  (no barding)
Stlth    ..........             (no amulet)
HPRegen  0.14/turn              f - ring of poison resistance
MPRegen  0.09/turn              g - ring of protection from cold

@: no status effects
A: large, rugged brown scales 3, see invisible, deformed body, roll 1, armoured
tail
a: Rolling Charge


You were on level 3 of the Dungeon.
You visited 1 branch of the dungeon, and saw 3 of its levels.

You collected 94 gold pieces.

Inventory:

Hand Weapons
 a - a +0 long sword (weapon)
Armour
 b - a +0 scale mail (worn)
 c - a +0 kite shield (worn)
Jewellery
 f - a ring of poison resistance (left hand)
 g - a ring of protection from cold (right hand)
Scrolls
 e - 3 scrolls of identify {unknown}
Potions
 d - a potion of might


   Skills:
 + Level 4.2 Fighting
 + Level 3.2 Long Blades
 + Level 3.2 Armour
 - Level 0.2 Dodging
 + Level 3.4 Shields


You had 4 spell levels left.
You didn't know any spells.
Your spell library contained the following spells:

 Spells                   Type           Power      Damage    Failure   Level
 Animate Skeleton         Necr           0%         N/A       99%         1
 Apportation              Tloc           0%         N/A       99%         1
 Corona                   Hex            0%         N/A       99%         1
 Foxfire                  Conj/Fire      0%         2x1d4     99%         1
 Summon Small Mammal      Summ           0%         N/A       99%         1
 Conjure Flame            Conj/Fire      0%         6-21      100%        3
 Inner Flame              Hex/Fire       0%         N/A       100%        3
 Sticky Flame             Conj/Fire      0%         2d3       100%        4
 Fireball                 Conj/Fire      0%         3d3       100%        5


Dungeon Overview and Level Annotations

Branches:
Dungeon (3/15)

Altars:
Hepliaklqana

Shops:
D:1 :   D:2 *


Innate Abilities, Weirdness & Mutations

You are completely covered in rugged brown scales. (AC +3, +7% HP)
You have supernaturally acute eyesight. (SInv)
Armour fits poorly on your strangely shaped body.
You can roll at nearby foes to attack.
You have a long armoured tail.


Message History

A gnoll comes into view. It is wielding a +0 flail.
The gnoll hits you but does no damage.
You barely miss the gnoll.
The gnoll is moderately wounded.
You block the gnoll's attack.
A gnoll comes into view. It is wielding a +0 halberd.
The gnoll hits you with a +0 halberd!
You completely miss the gnoll.
The gnoll is moderately wounded.
You block the gnoll's attack.
You hit the gnoll.
The gnoll is almost dead.
The gnoll barely misses you.
You riposte.
You closely miss the gnoll.
Your tail-slap misses the gnoll.
The gnoll is almost dead.
The gnoll hits you with a +0 halberd.
You slash the gnoll!
You kill the gnoll!
The gnoll hits you with a +0 flail!
The gnoll drinks a potion.
The gnoll seems to speed up.
There's nothing you can charge at!
Things that are here:
a +0 short sword; 5 stones You block the gnoll's attack.
You block the gnoll's attack.
Roll where?
Press: ? - help, Dir - move target, f - gnoll
Aim: a gnoll, wielding a +0 halberd (fast)
You roll forward with a clatter of scales!
You barely miss the gnoll. You block the gnoll's attack.
The gnoll hits you but does no damage. You block the gnoll's attack.
Unknown command.
You hit the gnoll but do no damage. The gnoll hits you with a +0 halberd.
The gnoll hits you with a +0 flail. You block the gnoll's attack.
The gnoll hits you with a +0 flail.
* * * LOW HITPOINT WARNING * * *
You hit the gnoll.
The gnoll is heavily wounded.
The gnoll hits you with a +0 halberd!
You die...

... .#### #......<...##...#
.... ....##...............#
.....#.........).....##......
.......###...........# .##..
#......#............# #
#...##)#..).......#...
#.....##.÷..)........#...
.........†.g..)......##..#
##.......##.@g........ ...
.........##..°.......# .
.##..####..÷$....... ...#
##.[....... ..## ##......#.
.. >....### ..#.## ....#
....##


You could see 2 gnolls.

Vanquished Creatures
  Natasha (thrice) (D:3)
  4 gnolls
  3 adders (D:2)
  A dart slug (D:3)
  6 ball pythons
  5 endoplasms
  5 giant cockroaches
  3 goblins
  5 hobgoblins
  9 jackals (D:1)
  6 quokkas
  10 bats
  7 frilled lizards
  6 kobolds
  4 rats
77 creatures vanquished.

Notes
Turn   | Place    | Note
-------+----------+-------------------------------------------
     0 | D:1      | Lemonice the Palentonga Fighter began the quest for the
                  | Orb.
     0 | D:1      | Reached XP level 1. HP: 19/19 MP: 1/1
   209 | D:1      | Reached XP level 2. HP: 25/25 MP: 2/2
   548 | D:1      | Reached XP level 3. HP: 31/31 MP: 3/3
   954 | D:1      | Found Dyuh's Book Shop.
  1142 | D:2      | Found a hazy altar of Hepliaklqana.
  1208 | D:2      | Reached XP level 4. HP: 36/38 MP: 4/4
  1366 | D:2      | Found Curont's Assorted Antiques.
  2050 | D:3      | Noticed Natasha
  2056 | D:3      | Killed Natasha
  2057 | D:3      | Reached skill level 4 in Fighting
  2057 | D:3      | Reached XP level 5. HP: 30/44 MP: 5/5
  2063 | D:3      | Noticed Natasha
  2068 | D:3      | Killed Natasha
  2070 | D:3      | Noticed Natasha
  2077 | D:3      | Killed Natasha
  2281 | D:3      | Slain by a gnoll

Illustrated notes

Levels and vault maps discovered:
D:1:      amcnicky_arrival_flooded_fountain, layout_rooms, serial_shops,
          nicolae_shop_crystal
D:2:      layout_basic, basic_altar, serial_shops,
          nicolae_shop_competitors_out_of_business, bh_walls_and_bars
D:3:      layout_rooms, lemuel_doored_altar, uniq_natasha

Skill      XL: |  1  2  3  4  5 |
---------------+----------------+-----
Shields        | 3 |  3.4
Armour         | 3 |  3.2
Fighting       | 4 |  4.2
Long Blades    | 3 |  3.2
Dodging        | |  0.2

Action                   |  1- 3 |  4- 6 || total
-------------------------+-------+-------++-------
Melee: Long sword        |   134 |    76 ||   210
       Tailslap          |    12 |    11 ||    23
 Abil: Rolling Charge    |     6 |    15 ||    21
Armor: Scale mail        |   103 |    34 ||   137
Dodge: Dodged            |    41 |    25 ||    66
Block: Kite shield       |    80 |    31 ||   111
       Rpst.: Long sword |    21 |     8 ||    29

Table legend: (Time is in decaauts)
 A = Elapsed time spent in this place.
 B = Non-inter-level travel time spent in this place.
 C = Inter-level travel time spent in this place.
 D = Time resting spent in this place.
 E = Time spent auto-exploring this place.
 F = Levels seen in this place.
 G = Mean time per level.
                   A        B        C        D        E       F      G
               +--------+--------+--------+--------+--------+-----+--------+
         Total |   2384 |   2331 |     53 |    412 |   1353 |   3 |  794.7 |
       Dungeon |   2384 |   2331 |     53 |    412 |   1353 |   3 |  794.7 |
               +--------+--------+--------+--------+--------+-----+--------+

Top non-repeatable levels by time:
     D:1: 1138 daAuts
     D:2: 951 daAuts
     D:3: 293 daAuts
